 Dungeon Crawl Stone Soup version 0.31-a0-925-g0a390f2509 (webtiles) character file.

Game seed: 17895500538800901509

96859 CowFu the Fencer (level 15, -4/134 HPs)
             Began as a Minotaur Fighter on Oct 19, 2023.
             Was the Champion of the Shining One.
             Slain by an anaconda (9 damage)
             ... on level 1 of the Snake Pit.
             The game lasted 00:25:36 (18517 turns).

CowFu the Fencer (Minotaur Fighter)                Turns: 18517, Time: 00:25:37

Health: -4/134     AC: 38    Str: 21    XL:     15   Next: 70%
Magic:  21/21      EV:  5    Int:  8    God:    the Shining One [******]
Gold:   1941       SH: 20    Dex: 23    Spells: 14/14 levels left

rFire   + + .        a - +11 double sword "Cittau" {flame, rElec rCorr Int+3 Dex+3}
rCold   + + +        O - +0 tower shield
rNeg    + + +        u - +9 scales of the Dragon King {rPois rF+ rC+ Will+}
rPois   +            f - +0 hat "Usissuas" {Rampage rC+ Regen+ Dex+3}
rElec   +            s - scarf {rC+ rF+}
rCorr   +            E - +0 pair of gloves
SInv    .            F - +0 pair of boots
Will    ++...        M - amulet of regeneration Stlth
                     n - +4 ring of protection
HPRegen 2.02/turn    k - +4 ring of protection
MPRegen 0.17/turn

%: rampage
@: about to teleport, slowed, glowing, constricted, very slow
A: horns 2, retaliatory headbutt
a: Renounce Religion, Divine Shield, Cleansing Flame, Summon Divine Warrior,
Brand Weapon With Holy Wrath


You were on level 1 of the Snake Pit.
You worshipped the Shining One.
The Shining One was exalted by your worship.
You visited 4 branches of the dungeon, and saw 22 of its levels.
You also visited: Ice Cave.

You collected 1941 gold pieces.

Inventory:

Hand Weapons
 a - the +11 double sword "Cittau" (weapon) {flame, rElec rCorr Int+3 Dex+3}
   (You acquired it on level 3 of the Lair of Beasts)

   Int+3:     It affects your intelligence (+3).
   Dex+3:     It affects your dexterity (+3).
   rElec:     It insulates you from electricity.
   rCorr:     It protects you from acid and corrosion.
 b - the +10 dagger of Onlarix {holy, rElec Int+4 Dex+2}
   (You found it on level 5 of the Dungeon)

   Int+4:     It affects your intelligence (+4).
   Dex+2:     It affects your dexterity (+2).
   rElec:     It insulates you from electricity.
Missiles
 g - a throwing net
Armour
 f - the +0 hat "Usissuas" (worn) {Rampage rC+ Regen+ Dex+3}
   (You acquired it on level 7 of the Dungeon)

   Dex+3:     It affects your dexterity (+3).
   rC+:       It protects you from cold.
   Regen+:    It increases your rate of health regeneration.
   Rampage:   It bestows one free step when moving towards enemies.
 s - a scarf of resistance (worn)
 u - the +9 scales of the Dragon King (worn) {rPois rF+ rC+ Will+}
   (You found it on level 5 of the Lair of Beasts)

   rF+:       It protects you from fire.
   rC+:       It protects you from cold.
   rPois:     It protects you from poison Will+: It increases your willpower.
 E - a +0 pair of gloves (worn)
 F - a +0 pair of boots (worn)
 O - a +0 tower shield (worn)
Jewellery
 c - a ring of positive energy
 d - a ring of flight
 j - a +6 ring of dexterity
 k - a +4 ring of protection (right hand)
 n - a +4 ring of protection (left hand)
 o - a +6 ring of dexterity
 y - a ring of willpower
 M - an amulet of regeneration (around neck)
 P - an amulet of guardian spirit
 Q - a ring of ice
Wands
 h - a wand of flame (45)
 q - a wand of charming (15)
 I - a wand of roots (25)
 U - a wand of acid (6)
Scrolls
 p - a scroll of teleportation
 r - 10 scrolls of identify
 H - 3 scrolls of enchant weapon
 J - a scroll of poison
 K - a scroll of silence {unknown}
 L - 4 scrolls of fog
 N - 3 scrolls of immolation
 S - 2 scrolls of amnesia
 T - a scroll of enchant armour
 V - a scroll of revelation
Potions
 e - 7 potions of enlightenment
 i - 4 potions of attraction {unknown}
 l - 7 potions of curing
 t - 2 potions of ambrosia
 v - 4 potions of invisibility
 w - 2 potions of haste
 x - a potion of cancellation {unknown}
 z - 3 potions of berserk rage
 A - 2 potions of resistance
 B - 4 potions of lignification
 C - 3 potions of brilliance {unknown}
 D - 3 potions of degeneration {unknown}
 G - 2 potions of might
Miscellaneous
 R - a box of beasts (quivered)


   Skills:
 + Level 12.3 Fighting
 + Level 17.4 Long Blades
 + Level 12.3 Armour
 + Level 12.0 Dodging
 + Level 12.4 Shields
 - Level 10.0 Invocations
 - Level 10.0 Evocations


You had 14 spell levels left.
You didn't know any spells.
Your spell library contained the following spells:

 Spells                   Type           Power      Damage    Failure   Level
 Magic Dart               Conj           0%         1d3       100%        1
 Necrotise                Necr           0%         1d4       100%        1
 Sting                    Tmut/Pois      0%         1d3       100%        1
 Call Imp                 Summ           0%         N/A       100%        2
 Poisonous Vapours        Pois/Air       0%         N/A       100%        2
 Dazzling Flash           Conj/Hex       0%         N/A       100%        3
 Hailstorm                Conj/Ice       0%         3d3       100%        3
 Ignite Poison            Fire/Tmut/Pois 0%         N/A       100%        3
 Mephitic Cloud           Conj/Pois/Air  0%         N/A       100%        3
 Vampiric Draining        Necr           0%         2d6       100%        3
 Sticky Flame             Conj/Fire      0%         2d3       100%        4
 Summon Ice Beast         Ice/Summ       0%         N/A       100%        4
 Agony                    Necr           0%         N/A       100%        5
 Freezing Cloud           Conj/Ice/Air   0%         6-21      100%        5
 Silence                  Hex/Air        0%         N/A       100%        5
 Summon Forest            Summ/Tloc      0%         N/A       100%        5
 Yara's Violent Unravell  Hex/Tmut       0%         3d3       100%        5
 Eringya's Noxious Bog    Tmut/Pois      0%         4d6       100%        6
 Simulacrum               Ice/Necr       0%         N/A       100%        6
 Summon Hydra             Summ           0%         N/A       100%        7
 Ignition                 Fire           0%         3d3       100%        8
 Polar Vortex             Ice            0%         N/A       100%        9


Dungeon Overview and Level Annotations

Branches:
Dungeon (15/15)            Temple (1/1) D:7            Lair (5/5) D:9
 Shoals (0/4) Lair:2        Snake (1/4) Lair:3        Slime (0/5) Lair:5
    Orc (0/2) D:12         Vaults (0/5) D:13         Depths (0/4) D:15
  IceCv (visited)

Altars:
Ashenzari
Cheibriados
Dithmenos
Elyvilon
Fedhas
Gozag
Hepliaklqana
Kikubaaqudgha
Makhleb
Qazlal
Ru
Trog
Uskayaw
Vehumet
Wu Jian
Yredelemnul
Zin
The Shining One

Shops:
D:5 :

Portals:
Trove: D:13 (give +5 ice dragon scales)


Innate Abilities, Weirdness & Mutations

You have a pair of horns on your head.
You reflexively headbutt those who attack you in melee.


Message History

The anaconda bites you.
* * * LOW HITPOINT WARNING * * *
The anaconda bites you but does no damage.
The anaconda constricts you. You block the anaconda's attack.
You block the salamander mystic's attack.
The shock serpent barely misses you. The naga hits you but does no damage.
The guardian serpent hits you!
* * * LOW HITPOINT WARNING * * *
The shock serpent bites you but does no damage.
The anaconda bites you but does no damage. x2
The anaconda constricts you. The salamander barely misses you.
The anaconda bites you but does no damage.
The salamander mystic hits you with a +0 scimitar.
* * * LOW HITPOINT WARNING * * *
You are engulfed in flames.
You resist.
* * * LOW HITPOINT WARNING * * *
The shock serpent bites you but does no damage.
The naga closely misses you. The guardian serpent barely misses you.
The shock serpent barely misses you.
You feel much better. You block the anaconda's attack.
The anaconda bites you but does no damage.
The anaconda constricts you.
* * * LOW HITPOINT WARNING * * *
The anaconda bites you but does no damage. x3
The anaconda constricts you. You block the shock serpent's attack.
The shock serpent bites you but does no damage.
The guardian serpent hits you but does no damage.
The naga mage casts a spell at the naga warrior.
The naga warrior seems to grow toxic.
You block the anaconda's attack.
The salamander hits you but does no damage.
The salamander hits you from afar with a +0 glaive.
* * * LOW HITPOINT WARNING * * *
You are engulfed in flames.
You resist.
* * * LOW HITPOINT WARNING * * *
The salamander mystic points at the mana viper and mumbles some strange words.
The mana viper seems to speed up.
The naga hits you from afar with a +0 trident!!
* * * LOW HITPOINT WARNING * * *
The anaconda bites you!
You die...

# ### ###...
#..........##
#.#.........##
#............#
#....#.#.#....
#...#.....#...
#..#NNSS.[.#..
#...SSSSS.....
#....#SS@8...#.
#.#...SNSSS....^
# #..#NNNN...#..
.^...#NN...#...
#..(..(#.#.#....
#...............
#####...........
###.#..###..


You could see a naga warrior (curare), a salamander mystic (strong), 2
salamanders, 3 anacondas, 3 shock serpents, 2 mana vipers, a guardian serpent, 4
black mambas, a naga mage (fast, strong) and 4 nagas.

Vanquished Creatures
  An ironbound preserver (D:13)
  Azrael (D:13)
  5 dire elephants
  A white draconian (IceCv)
  2 rakshasas
  2 ogre magi
  Fannar (D:12)
  6 centaur warriors
  6 hydras
  A boulder beetle (D:14)
  11 two-headed ogres
  A death knight (D:13)
  Sonja (D:11)
  2 tengu warriors (D:15)
  5 death yaks
  2 skysharks (Lair:3)
  3 spectral death yaks (Lair:5)
  A skeletal warrior (D:13)
  A spectral anaconda (Lair:5)
  An obsidian statue (Lair:5)
  3 deep elf pyromancers
  5 necromancers
  2 orc knights (D:15)
  6 cyclopes
  2 occultists
  2 orc sorcerers (D:15)
  18 ugly things
  A manticore (D:14)
  A centaur zombie (D:15)
  8 black mambas
  Maurice (D:9)
  16 elephants
  16 cane toads
  5 gargoyles
  A centaur skeleton (D:15)
  2 ice statues (IceCv)
  6 unseen horrors
  Psyche (D:8)
  Maggie (D:8)
  7 rime drakes
  4 tengu conjurers (D:15)
  11 komodo dragons
  A dire elephant skeleton (Lair:5)
  2 trolls (D:12)
  4 polar bears
  3 hornets (D:7)
  3 blink frogs (Lair:5)
  A dream sheep (Lair:5)
  3 spectral elephants (Lair:5)
  14 slime creatures
  A vampire (D:9)
  A shadow (D:12)
  A centaur simulacrum (D:15)
  40 yaks
  2 wyverns
  4 fire elementals (D:13)
  7 basilisks
  2 wraiths (D:11)
  6 vampire mosquitoes
  3 death yak simulacra (Lair:5)
  A warg (D:15)
  2 nagas (Lair:3)
  A harpy simulacrum (D:15)
  A spectral cane toad (Lair:5)
  Duvessa (D:5)
  4 hell hounds (D:13)
  16 water moccasins
  3 acid dragons
  6 orc warriors
  A sky beast (D:7)
  3 black bears
  6 ogres
  13 wolves
  15 centaurs
  2 phantoms
  An elephant skeleton (Lair:5)
  19 bullfrogs
  A gnoll sergeant (D:12)
  3 scorpions
  2 cane toad simulacra (Lair:5)
  Dowan (D:5)
  12 wights
  A hornet simulacrum (D:15)
  2 elephant simulacra (Lair:5)
  A lindwurm simulacrum (IceCv)
  6 killer bees (D:8)
  2 electric eels (Lair:1)
  2 howler monkeys
  3 jellies
  8 komodo dragon simulacra (IceCv)
  7 orc priests
  6 hounds
  6 iguanas
  3 gnoll boudas
  3 sleepcaps
  Natasha (thrice) (D:2)
  6 orc wizards
  A hell rat (Lair:3)
  15 adders
  12 gnolls
  7 acid dragon simulacra (IceCv)
  A shadow imp (D:5)
  2 white imps (D:7)
  5 steam dragon simulacra (IceCv)
  2 dart slugs
  45 orcs
  5 ball pythons
  7 endoplasms
  A giant cockroach (D:2)
  12 hobgoblins
  6 jackals
  3 quokkas
  10 bats
  3 frilled lizards
  8 goblins
  7 kobolds
  6 rats
  A butterfly (Lair:3)
603 creatures vanquished.

Notes
Turn   | Place    | Note
-------+----------+-------------------------------------------
     0 | D:1      | CowFu the Minotaur Fighter began the quest for the Orb.
     0 | D:1      | Reached XP level 1. HP: 19/19 MP: 0/0
   126 | D:1      | Reached XP level 2. HP: 25/25 MP: 1/1
   231 | D:1      | Reached skill level 1 in Dodging
   500 | D:1      | Reached XP level 3. HP: 33/33 MP: 2/2
   836 | D:2      | Identified the "Xoyzeh"
   895 | D:2      | Reached skill level 3 in Long Blades
   988 | D:2      | Noticed Natasha
   995 | D:2      | Killed Natasha
   996 | D:2      | Reached XP level 4. HP: 34/40 MP: 3/3
  1141 | D:2      | Noticed Natasha
  1150 | D:2      | Killed Natasha
  1442 | D:2      | Noticed Natasha
  1451 | D:2      | Killed Natasha
  1452 | D:2      | Reached XP level 5. HP: 31/47 MP: 4/4
  1730 | D:3      | Found a shadowy altar of Dithmenos.
  2091 | D:3      | Identified the +5 whip of the Sky {distort, rC+ rCorr MP-9
                  | Str+5}
  2199 | D:3      | Found a burning altar of Makhleb.
  2701 | D:4      | Reached skill level 4 in Long Blades
  2701 | D:4      | Reached XP level 6. HP: 51/55 MP: 5/5
  2704 | D:4      | Reached skill level 5 in Armour
  2733 | D:4      | Reached skill level 5 in Shields
  2911 | D:4      | Reached skill level 5 in Fighting
  3466 | D:5      | Entered Level 5 of the Dungeon
  3467 | D:5      | Found a hide-covered altar of Uskayaw.
  3484 | D:5      | Noticed Dowan
  3486 | D:5      | Noticed Duvessa
  3492 | D:5      | Reached XP level 7. HP: 57/61 MP: 6/6
  3510 | D:5      | Killed Duvessa
  3519 | D:5      | Reached skill level 5 in Long Blades
  3535 | D:5      | HP: 2/62 [Dowan/shard of ice (16)]
  3550 | D:5      | Killed Dowan
  3755 | D:5      | Reached XP level 8. HP: 62/70 MP: 7/7
  3793 | D:5      | Identified the +10 dagger of Onlarix {holy, rElec Int+4
                  | Dex+2}
  3797 | D:5      | Found Iqavaxui's Tremendous Tomes.
  4017 | D:5      | Reached skill level 6 in Long Blades
  4017 | D:5      | Reached skill level 5 in Dodging
  4145 | D:5      | Reached skill level 7 in Long Blades
  4707 | D:6      | Reached skill level 8 in Long Blades
  4713 | D:6      | Identified the staff of Impatience {rC+ Will+ rCorr Str+4
                  | Ice}
  4928 | D:6      | Reached skill level 9 in Long Blades
  5632 | D:7      | Noticed a hornet
  5640 | D:7      | Killed a hornet
  5641 | D:7      | Reached skill level 10 in Long Blades
  5641 | D:7      | Reached XP level 9. HP: 75/75 MP: 8/8
  5744 | D:7      | Found a staircase to the Ecumenical Temple.
  5770 | D:7      | Reached skill level 11 in Long Blades
  5784 | Temple   | Entered the Ecumenical Temple
  5788 | Temple   | Became a worshipper of the Shining One
  6023 | D:7      | Reached skill level 12 in Long Blades
  6121 | D:7      | Found a hazy altar of Hepliaklqana.
  6230 | D:7      | Identified a scroll of acquirement
  6232 | D:7      | Acquired the +0 hat "Usissuas" {Rampage rC+ Regen+ Dex+3}
  6350 | D:8      | Noticed Psyche
  6364 | D:8      | Killed Psyche
  6373 | D:7      | Reached skill level 13 in Long Blades
  6482 | D:8      | You fall into a shaft and drop 2 floors!
  6482 | D:10     | Entered Level 10 of the Dungeon
  6517 | D:10     | Identified the +1 trident of the Dwarven Hall {flame, rPois
                  | rF- Will++ Str-5}
  6623 | D:9      | Killed an unseen horror
  6656 | D:9      | Reached XP level 10. HP: 83/83 MP: 9/9
  6665 | D:9      | Reached * piety under the Shining One
  6696 | D:9      | Reached skill level 14 in Long Blades
  6746 | D:9      | Noticed a two-headed ogre
  6753 | D:9      | Killed a two-headed ogre
  6754 | D:9      | Reached skill level 1 in Invocations
  6754 | D:9      | Reached skill level 1 in Evocations
  7042 | D:9      | Noticed Maurice
  7047 | D:9      | Maurice stole a ring of flight
  7048 | D:9      | Killed Maurice
  7122 | D:9      | Found a staircase to the Lair.
  7156 | D:9      | Noticed a two-headed ogre
  7162 | D:9      | Killed a two-headed ogre
  7297 | D:9      | Reached ** piety under the Shining One
  7635 | D:8      | Reached XP level 11. HP: 92/92 MP: 12/12
  7782 | D:8      | Noticed Maggie
  7792 | D:8      | Killed Maggie
  7992 | Lair:1   | Entered Level 1 of the Lair of Beasts
  8218 | Lair:1   | Found a shadowy altar of Dithmenos.
  9181 | Lair:2   | Noticed an eight-headed hydra
  9188 | Lair:2   | Killed a ten-headed hydra
  9189 | Lair:2   | Reached skill level 5 in Invocations
  9189 | Lair:2   | Reached XP level 12. HP: 51/104 MP: 14/14
  9203 | Lair:2   | Reached *** piety under the Shining One
  9864 | Lair:2   | Found a staircase to the Shoals.
 10047 | Lair:2   | Reached skill level 5 in Evocations
 10397 | Lair:3   | Found a staircase to the Snake Pit.
 10876 | Lair:3   | Reached skill level 10 in Fighting
 10898 | Lair:3   | Noticed a dire elephant
 10921 | Lair:3   | Killed a dire elephant
 10922 | Lair:3   | Reached skill level 10 in Armour
 10922 | Lair:3   | Reached skill level 10 in Shields
 11089 | Lair:3   | Identified the +5 shortbow of Dissent {drain, MP+9 Int+2}
 11225 | Lair:3   | Acquired the +11 double sword "Cittau" {flame, rElec rCorr
                  | Int+3 Dex+3}
 11378 | Lair:4   | Reached skill level 10 in Dodging
 11378 | Lair:4   | Reached XP level 13. HP: 62/113 MP: 17/17
 12102 | Lair:5   | Entered Level 5 of the Lair of Beasts
 12102 | Lair:5   | Reached **** piety under the Shining One
 12125 | Lair:5   | Found a staircase to the Slime Pits.
 12139 | Lair:5   | HP: 5/113 [three-headed hydra (11)]
 12360 | Lair:5   | Reached skill level 15 in Long Blades
 12540 | Lair:5   | Noticed a dire elephant
 12540 | Lair:5   | Noticed a dire elephant
 12540 | Lair:5   | Noticed a dire elephant
 12556 | Lair:5   | Found the +9 scales of the Dragon King {rPois rF+ rC+
                  | Will+}
 12564 | Lair:5   | Noticed a dire elephant
 12574 | Lair:5   | Killed a dire elephant
 12583 | Lair:5   | Reached ***** piety under the Shining One
 13057 | Lair:5   | Reached XP level 14. HP: 121/121 MP: 20/20
 13104 | Lair:5   | Reached skill level 16 in Long Blades
 13334 | Lair:5   | Reached skill level 10 in Invocations
 14277 | D:11     | Noticed Sonja
 14279 | D:11     | Found a frozen archway.
 14283 | D:11     | Killed Sonja
 14284 | D:11     | Reached skill level 10 in Evocations
 14291 | IceCv    | Entered an ice cave
 14348 | IceCv    | Reached ****** piety under the Shining One
 14512 | IceCv    | Found the +4 skin of Zhor {*Englaciate rC+++ SInv}
 15054 | D:12     | Noticed Fannar
 15062 | D:12     | Killed Fannar
 15158 | D:12     | Found a staircase to the Orcish Mines.
 15869 | D:13     | Found a gate to the Vaults.
 15869 | D:13     | Noticed an ironbound preserver
 15908 | D:13     | Killed an ironbound preserver
 15962 | D:13     | Noticed Azrael
 15984 | D:13     | Killed Azrael
 16171 | D:13     | Found a portal to a secret trove of treasure.
 16497 | D:14     | Reached XP level 15. HP: 130/130 MP: 21/21
 16728 | D:14     | Identified the +8 short sword "Ujes" {vamp, Fragile rN++
                  | Dex+3}
 17000 | D:14     | Reached skill level 17 in Long Blades
 17177 | D:15     | Entered Level 15 of the Dungeon
 17640 | D:15     | Found a staircase to the Depths.
 18504 | Snake:1  | Entered Level 1 of the Snake Pit
 18517 | Snake:1  | HP: 5/134 [naga/+0 trident (19)]
 18517 | Snake:1  | Slain by an anaconda

Illustrated notes

Levels and vault maps discovered:
D:1:      lemuel_arrival_behind_the_door_small, layout_rooms, serial_forest,
          infiniplex_forest_clump_medium, infiniplex_forest_straight_2,
          infiniplex_forest_straight_1, infiniplex_forest_clump_tiny,
          infiniplex_forest_clump_small, infiniplex_forest_clump_diagonal,
          infiniplex_forest_pool, infiniplex_forest_3_way,
          infiniplex_forest_corner_2, chequers_arboretum,
          nicolae_concentric_dashed_squares_mild
D:2:      minmay_skewed_foursquare, layout_loops_cross, st_stairs_5,
          uniq_natasha
D:3:      layout_loops_corners, nicolae_dithmenos_shadow_blocks,
          lightli_temple_of_fire, bh_walls_and_bars
D:4:      layout_loops_ring
D:5:      layout_rooms, nicolae_uskayaw_murder_on_the_dancefloor,
          glass_columns_c, nicolae_shop_i_like_big_books, hex_tiny,
          minmay_checkerbox, uniq_duvessa
D:6:      layout_basic
D:7:      layout_cave_pools, nicolae_hepliaklqana_hippocampus,
          minmay_temple_entry_slanted
D:8:      layout_gridville, nicolae_sif_muna_condensation,
          grunt_temple_overflow_open, kennysheep_potato, uniq_psyche,
          uniq_maggie
D:9:      layout_long_grid, david_lair_shrubbed, special_room
          [special_room_orc], minmay_misc_feat_columns, uniq_maurice
D:10:     layout_cave_pools
D:11:     layout_roguey, portal_ice_cave_entry_pillars_1, uniq_sonja
D:12:     layout_rooms, orc_0_dummy, small_statue_intersection, minmay_circle_x,
          uniq_fannar
D:13:     layout_long_grid, skrybe_vaults_entry_preservation,
          nicolae_trove_entry_crystal, nicolae_figureground_pulse, uniq_azrael
D:14:     layout_long_grid
D:15:     grunt_enter_depths_magical_seal, layout_basic, amethyst_killhole
Temple:   zaba_magenta_temple
Lair:1:   layout_cave_pods, basic_altar, chequers_serial_rivers_micro_b,
          infiniplex_staircase_pool_2, grunt_megastairs_2, serial_bayou_shore_a
Lair:2:   layout_layer_cave, minmay_shoals_entry_centaurs, beast_lair_carwin_8
Lair:3:   nzn_winding_woodlands_small [nzn_winding_woodlands_5x15_longhouse,
          nzn_winding_woodlands_center_diamonds,
          nzn_winding_woodlands_5x15_parted], layout_cave_shapes,
          guppyfry_snake_entry_garden, lemuel_fruit_fields, lemuel_fruit_fields
Lair:4:   layout_regular_city, lemuel_fruit_tree, grunt_megastairs_3
Lair:5:   due_jungle_book, layout_gridlike, slime_entry_1,
          dreamdust_gnoll_shepherd
Snake:1:  layout_onion_interference, evilmike_ambush
          [evilmike_ambush_outer_pillars, evilmike_ambush_inner_basic]

Skill      XL: |  1  2  3  4  5  6  7  8  9 10 11 12 13 14 15 |
---------------+----------------------------------------------+-----
Dodging        | 1 2 3 4 6 7 8 10 11 12 | 12.0
Armour         | 4 5 6 7 8 10 11 12 | 12.3
Shields        | 4 5 6 7 8 10 11 12 | 12.4
Fighting       | 4 5 6 7 9 10 11 12 | 12.3
Long Blades    | 3 4 5 10 13 14 15 16 17 | 17.4
Invocations    | 3 5 6 9 10 | 10.0
Evocations     | 2 4 6 8 10 | 10.0

Action                     |  1- 3 |  4- 6 |  7- 9 | 10-12 | 13-15 || total
---------------------------+-------+-------+-------+-------+-------++-------
  Melee: Long sword        |    94 |   177 |   293 |    54 |       ||   618
         Headbutt          |    13 |    29 |    60 |   172 |   219 ||   493
         Unarmed           |       |       |     6 |       |       ||     6
         Scimitar          |       |       |       |   517 |       ||   517
         Dagger            |       |       |       |     3 |       ||     3
         Double sword      |       |       |       |    32 |   761 ||   793
  Evoke: Box of beasts     |       |       |       |       |     1 ||     1
    Use: Potion            |       |       |     2 |     3 |     2 ||     7
         Scroll            |       |       |    20 |     4 |     6 ||    30
 Armour: Scale mail        |    66 |   136 |   156 |       |       ||   358
         Chain mail        |       |       |   121 |   381 |   206 ||   708
         Skin              |       |       |     4 |       |       ||     4
         Gold dragon scale |       |       |       |       |   351 ||   351
  Dodge: Dodged            |    40 |    83 |   149 |   255 |   227 ||   754
  Block: Buckler           |    30 |    41 |    83 |   134 |   103 ||   391
         Tower shield      |       |       |       |       |   433 ||   433

Table legend: (Time is in decaauts)
 A = Elapsed time spent in this place.
 B = Non-inter-level travel time spent in this place.
 C = Inter-level travel time spent in this place.
 D = Time resting spent in this place.
 E = Time spent auto-exploring this place.
 F = Levels seen in this place.
 G = Mean time per level.
                   A        B        C        D        E       F      G
               +--------+--------+--------+--------+--------+-----+--------+
         Total |  18351 |  17072 |   1279 |      5 |  13467 |  23 |  797.9 |
       Dungeon |  12236 |  11417 |    819 |      5 |   9028 |  15 |  815.7 |
        Temple |      8 |      5 |      3 |      0 |      0 |   1 |    8.0 |
          Lair |   5742 |   5286 |    456 |      0 |   4242 |   5 | 1148.4 |
     Snake Pit |     14 |     14 |      0 |      0 |      0 |   1 |   14.0 |
      Ice Cave |    349 |    349 |      0 |      0 |    197 |   1 |  349.0 |
               +--------+--------+--------+--------+--------+-----+--------+

Top non-repeatable levels by time:
  Lair:5: 1375 daAuts
  Lair:2: 1313 daAuts
     D:5: 1233 daAuts
    D:15: 1132 daAuts
  Lair:1: 1112 daAuts
     D:9: 1111 daAuts
  Lair:4: 1032 daAuts
     D:3: 991 daAuts
    D:13: 976 daAuts
     D:6: 963 daAuts
  Lair:3: 909 daAuts
     D:1: 857 daAuts
     D:2: 843 daAuts
     D:4: 840 daAuts
     D:7: 834 daAuts
